TOP OF THE 1ST |
Montgomery Biscuits batting - Pitching for Key West Barracudas : LHP Lynn White
|
Pitching: LHP Lynn White
|
|
Batting: RHB Gabriel Miranda
|
0-0: SINGLE (Line Drive, 89S)
|
Batting: RHB Manny Sánchez
|
0-0: Ball 1-0: Foul Ball, location: 2F 1-1: Foul Ball, location: 2F 1-2: Foul Ball, location: 2F 1-2: Ball 2-2: Ball 3-2: SINGLE (Groundball, 6MD) Gabriel Miranda to second Gabriel Miranda to third
|
Batting: SHB Andrew Curran
|
0-0: Ball 1-0: Ball 2-0: Ball 3-0: Called Strike 3-1: Swinging Strike 3-2: Grounds into double play, 5-4-3 (Groundball, 56) Gabriel Miranda scores
|
Batting: RHB Pete Smith
|
0-0: Ball 1-0: Ball 2-0: Ball 3-0: Base on Balls
|
Batting: RHB Jean-Paul St-Pierre
|
0-0: Foul Ball, location: 2F 0-1: 2-RUN HOME RUN (Flyball, 8RXD), Distance : 418 ft
|
Batting: RHB Dave Dawson
|
0-0: Fly out, F7 (Line Drive, 7S)
|
Top of the 1st over - 3 run(s), 3 hit(s), 0 error(s), 0 left on base; Montgomery 3 - Key West 0 |
BOTTOM OF THE 1ST |
Key West Barracudas batting - Pitching for Montgomery Biscuits : LHP Jorge Estrada
|
Pitching: LHP Jorge Estrada
|
|
Batting: SHB Rodney Birling
|
0-0: Fly out, F7 (Flyball, 7LM)
|
Batting: RHB Dave Nelson
|
0-0: Fly out, F9 (Flyball, 9M)
|
Batting: RHB Carlos Miranda
|
0-0: Called Strike 0-1: Ball 1-1: Ball 2-1: Ball 3-1: SINGLE (Flyball, 8LS)
|
Batting: RHB Ramiro Gámez
|
0-0: Called Strike 0-1: Foul Ball, location: 2F 0-2: Ball 1-2: Strikes out swinging
|
Bottom of the 1st over - 0 run(s), 1 hit(s), 0 error(s), 1 left on base; Montgomery 3 - Key West 0 |
TOP OF THE 2ND |
Montgomery Biscuits batting - Pitching for Key West Barracudas : LHP Lynn White
|
Batting: RHB Vicente Carona
|
0-0: Ball 1-0: Ball 2-0: SINGLE (Groundball, 56D)
|
Batting: RHB Larry Mitchell
|
0-0: Ball 1-0: Ball 2-0: Foul Ball, location: 2F 2-1: Swinging Strike 2-2: Strikes out looking
|
Batting: RHB Collin Smith
|
0-0: Fly out, F6 (Popup, 6D)
|
Batting: RHB Gabriel Miranda
|
0-0: Ball 1-0: Ball 2-0: Called Strike 2-1: Ball 3-1: Foul Ball, location: 2F 3-2: Base on Balls Vicente Carona to second
|
Batting: RHB Manny Sánchez
|
0-0: Called Strike 0-1: Called Strike 0-2: Ball 1-2: Ball 2-2: Ball 3-2: Foul Ball, location: 2F 3-2: Base on Balls Vicente Carona to third Gabriel Miranda to second
|
Batting: SHB Andrew Curran
|
0-0: Ball 1-0: Called Strike 1-1: Foul Ball, location: 2F 1-2: Ball 2-2: Strikes out looking
|
Top of the 2nd over - 0 run(s), 1 hit(s), 0 error(s), 3 left on base; Montgomery 3 - Key West 0 |
BOTTOM OF THE 2ND |
Key West Barracudas batting - Pitching for Montgomery Biscuits : LHP Jorge Estrada
|
Batting: RHB Luther Stoffels
|
0-0: Foul Ball, location: 2F 0-1: Ball 1-1: Ball 2-1: Swinging Strike 2-2: Fly out, F8 (Flyball, 8RD)
|
Batting: RHB Kenny Cole
|
0-0: Ball 1-0: SOLO HOME RUN (Flyball, 7D), Distance : 398 ft
|
Batting: LHB Jake Wells
|
0-0: Ball 1-0: Swinging Strike 1-1: Ball 2-1: Foul Ball, location: 2F 2-2: Foul Ball, location: 2F 2-2: Ball 3-2: SINGLE (Groundball, 15S) (infield hit)
|
Batting: RHB Victor Baker
|
0-0: Called Strike 0-1: SINGLE (Groundball, 56) Jake Wells to second
|
Batting: RHB Dan Craft
|
0-0: Fielders Choice at 2nd, 5-4 (Groundball, 56) Jake Wells to third
|
Batting: SHB Rodney Birling
|
0-0: Called Strike 0-1: Foul Ball, location: 2F 0-2: Strikes out swinging
|
Bottom of the 2nd over - 1 run(s), 3 hit(s), 0 error(s), 2 left on base; Montgomery 3 - Key West 1 |
TOP OF THE 3RD |
Montgomery Biscuits batting - Pitching for Key West Barracudas : LHP Lynn White
|
Batting: RHB Pete Smith
|
0-0: Ball 1-0: Ground out 4-3 (Groundball, 4M)
|
Batting: RHB Jean-Paul St-Pierre
|
0-0: SINGLE (Line Drive, 7LS)
|
Batting: RHB Dave Dawson
|
0-0: Ball 1-0: Foul Ball, location: 2F 1-1: Ball 2-1: SINGLE (Groundball, 6MD) Jean-Paul St-Pierre to second
|
Batting: RHB Vicente Carona
|
0-0: Ball 1-0: Foul Ball, location: 2F 1-1: Grounds into double play, U5-3 (Groundball, 5L)
|
Top of the 3rd over - 0 run(s), 2 hit(s), 0 error(s), 1 left on base; Montgomery 3 - Key West 1 |
BOTTOM OF THE 3RD |
Key West Barracudas batting - Pitching for Montgomery Biscuits : LHP Jorge Estrada
|
Batting: RHB Dave Nelson
|
0-0: Ball 1-0: Swinging Strike 1-1: Swinging Strike 1-2: Foul Ball, location: 2F 1-2: Strikes out swinging
|
Batting: RHB Carlos Miranda
|
0-0: Fly out, F4 (Popup, 4MD)
|
Batting: RHB Ramiro Gámez
|
0-0: Ball 1-0: Called Strike 1-1: Foul Ball, location: 2F 1-2: Foul Ball, location: 2F 1-2: DOUBLE (Groundball, 5L)
|
Batting: RHB Luther Stoffels
|
0-0: Ball 1-0: Ball 2-0: Called Strike 2-1: Foul Ball, location: 2F 2-2: Fly out, F9 (Flyball, 9M)
|
Bottom of the 3rd over - 0 run(s), 1 hit(s), 0 error(s), 1 left on base; Montgomery 3 - Key West 1 |
TOP OF THE 4TH |
Montgomery Biscuits batting - Pitching for Key West Barracudas : LHP Lynn White
|
Batting: RHB Larry Mitchell
|
0-0: Ball 1-0: Swinging Strike 1-1: Ball 2-1: Swinging Strike 2-2: Foul Ball, location: 2F 2-2: SINGLE (Line Drive, 89S)
|
Batting: RHB Collin Smith
|
0-0: SINGLE (Line Drive, 34) Larry Mitchell to second Runner from 2nd tries for 3rd, SAFE, throw made to third
|
Batting: RHB Gabriel Miranda
|
0-0: Ball 1-0: Foul Ball, location: 2F 1-1: SINGLE (Groundball, 3D) Larry Mitchell scores Collin Smith to second Runner from 2nd tries for 3rd, SAFE, throw made to third
|
Pitching: RHP José García
|
|
Now in RF: Motoki Hirata
|
|
Batting: RHB Manny Sánchez
|
0-0: Ball 1-0: Foul Ball, location: 2F 1-1: Foul Ball, location: 2F 1-2: Ball 2-2: Fly out, F8 (Flyball, 8LS)
|
Batting: SHB Andrew Curran
|
0-0: Ball Pickoff Throw to First - Out! 1-0: Ball 2-0: Ball 3-0: Called Strike 3-1: Base on Balls
|
Batting: RHB Pete Smith
|
0-0: Foul Ball, location: 2F 0-1: Fly out, F9 (Flyball, 89M)
|
Top of the 4th over - 1 run(s), 3 hit(s), 0 error(s), 2 left on base; Montgomery 4 - Key West 1 |
BOTTOM OF THE 4TH |
Key West Barracudas batting - Pitching for Montgomery Biscuits : LHP Jorge Estrada
|
Batting: RHB Kenny Cole
|
0-0: Ball 1-0: Swinging Strike 1-1: Ball 2-1: Ball 3-1: SINGLE (Groundball, 56)
|
Batting: LHB Jake Wells
|
0-0: Ball 1-0: Swinging Strike 1-1: SINGLE (Line Drive, 56D) Kenny Cole to second
|
Batting: RHB Victor Baker
|
0-0: Called Strike 0-1: Ball 1-1: Ball 2-1: Foul Ball, location: 2F 2-2: Strikes out looking
|
Batting: LHB Motoki Hirata
|
0-0: Foul Ball, location: 2F 0-1: Ball 1-1: Ground out 3-1 (Groundball, 34) Kenny Cole to third Jake Wells to second
|
Batting: SHB Rodney Birling
|
0-0: Swinging Strike 0-1: Ball 1-1: Called Strike 1-2: Strikes out looking
|
Bottom of the 4th over - 0 run(s), 2 hit(s), 0 error(s), 2 left on base; Montgomery 4 - Key West 1 |
TOP OF THE 5TH |
Montgomery Biscuits batting - Pitching for Key West Barracudas : RHP José García
|
Batting: RHB Jean-Paul St-Pierre
|
0-0: Ball 1-0: Called Strike 1-1: Foul Ball, location: 2F 1-2: Strikes out looking
|
Batting: RHB Dave Dawson
|
0-0: Ball 1-0: Fly out, F8 (Popup, 89S)
|
Batting: RHB Vicente Carona
|
0-0: Ball 1-0: Foul Ball, location: 2F 1-1: SINGLE (Groundball, 6MD)
|
Batting: RHB Larry Mitchell
|
0-0: Called Strike 0-1: Foul Ball, location: 2F 0-2: Ball 1-2: Strikes out swinging
|
Top of the 5th over - 0 run(s), 1 hit(s), 0 error(s), 1 left on base; Montgomery 4 - Key West 1 |
BOTTOM OF THE 5TH |
Key West Barracudas batting - Pitching for Montgomery Biscuits : LHP Jorge Estrada
|
Batting: RHB Dave Nelson
|
0-0: Ball 1-0: Ground out 5-3 (Groundball, 5L)
|
Batting: RHB Carlos Miranda
|
0-0: Ball 1-0: Called Strike 1-1: Ground out 6-3 (Groundball, 56)
|
Batting: RHB Ramiro Gámez
|
0-0: Called Strike 0-1: Called Strike 0-2: Strikes out swinging
|
Bottom of the 5th over - 0 run(s), 0 hit(s), 0 error(s), 0 left on base; Montgomery 4 - Key West 1 |
TOP OF THE 6TH |
Montgomery Biscuits batting - Pitching for Key West Barracudas : RHP José García
|
Batting: RHB Collin Smith
|
0-0: Ball 1-0: Ball 2-0: Ball 3-0: Base on Balls
|
Batting: RHB Gabriel Miranda
|
0-0: Foul Ball, location: 2F 0-1: Ball 1-1: Ball 2-1: 2-RUN HOME RUN (Flyball, 78XD), Distance : 408 ft
|
Batting: RHB Manny Sánchez
|
0-0: Ball 1-0: Ball 2-0: Foul Ball, location: 2F 2-1: Foul Ball, location: 2F 2-2: Foul Ball, location: 2F 2-2: Ball 3-2: Foul Ball, location: 2F 3-2: Foul Ball, location: 2F 3-2: Foul Ball, location: 2F 3-2: Base on Balls
|
Batting: SHB Andrew Curran
|
0-0: Ball 1-0: Called Strike 1-1: Ball 2-1: Ball 3-1: Foul Ball, location: 2F 3-2: Base on Balls Manny Sánchez to second
|
Pitching: LHP Alfredo González
|
|
Batting: RHB Pete Smith
|
0-0: Called Strike 0-1: Foul Ball, location: 2F 0-2: Ball 1-2: Foul Ball, location: 2F 1-2: Ball 2-2: Foul Ball, location: 2F 2-2: Ball 3-2: Base on Balls Manny Sánchez to third Andrew Curran to second
|
Batting: RHB Jean-Paul St-Pierre
|
0-0: Foul Ball, location: 2F 0-1: Ball 1-1: Ball 2-1: Ball 3-1: Base on Balls Manny Sánchez scores Andrew Curran to third Pete Smith to second
|
Batting: RHB Dave Dawson
|
0-0: Called Strike 0-1: Ball 1-1: Ball 2-1: Foul Ball, location: 2F 2-2: Ball 3-2: Strikes out swinging
|
Batting: RHB Vicente Carona
|
0-0: Called Strike 0-1: Foul Ball, location: 2F 0-2: Foul Ball, location: 2F 0-2: Strikes out swinging
|
Batting: RHB Larry Mitchell
|
0-0: Called Strike 0-1: Swinging Strike 0-2: Ball 1-2: Strikes out looking
|
Top of the 6th over - 3 run(s), 1 hit(s), 0 error(s), 3 left on base; Montgomery 7 - Key West 1 |
BOTTOM OF THE 6TH |
Key West Barracudas batting - Pitching for Montgomery Biscuits : LHP Jorge Estrada
|
Batting: RHB Luther Stoffels
|
0-0: Swinging Strike 0-1: Ball 1-1: Fly out, F8 (Flyball, 8LM)
|
Batting: RHB Kenny Cole
|
0-0: Ball 1-0: Foul Ball, location: 2F 1-1: Foul Ball, location: 2F 1-2: Strikes out swinging
|
Batting: LHB Jake Wells
|
0-0: Called Strike 0-1: Swinging Strike 0-2: Foul Ball, location: 2F 0-2: Strikes out swinging
|
Bottom of the 6th over - 0 run(s), 0 hit(s), 0 error(s), 0 left on base; Montgomery 7 - Key West 1 |
TOP OF THE 7TH |
Montgomery Biscuits batting - Pitching for Key West Barracudas : LHP Alfredo González
|
Batting: RHB Collin Smith
|
0-0: Ball 1-0: Swinging Strike 1-1: Foul Ball, location: 2F 1-2: Strikes out swinging
|
Batting: RHB Gabriel Miranda
|
0-0: Called Strike 0-1: Ball 1-1: Called Strike 1-2: Strikes out swinging
|
Batting: RHB Manny Sánchez
|
0-0: Ball 1-0: Called Strike 1-1: Called Strike 1-2: Foul Ball, location: 2F 1-2: Ball 2-2: Ball 3-2: Base on Balls
|
Batting: SHB Andrew Curran
|
0-0: Ball 1-0: Foul Ball, location: 2F 1-1: Fly out, F4 (Popup, 3F)
|
Top of the 7th over - 0 run(s), 0 hit(s), 0 error(s), 1 left on base; Montgomery 7 - Key West 1 |
BOTTOM OF THE 7TH |
Key West Barracudas batting - Pitching for Montgomery Biscuits : LHP Jorge Estrada
|
Batting: RHB Victor Baker
|
0-0: Called Strike 0-1: SINGLE (Flyball, 8LM)
|
Batting: LHB Motoki Hirata
|
0-0: Called Strike 0-1: Called Strike 0-2: Ball 1-2: Ball Victor Baker steals 2nd base 2-2: Foul Ball, location: 2F 2-2: Ball 3-2: Base on Balls
|
Pitching: RHP Ángel Ávila
|
|
Batting: SHB Rodney Birling
|
0-0: Called Strike 0-1: Ball 1-1: Ball 2-1: Called Strike 2-2: Strikes out looking
|
Batting: RHB Dave Nelson
|
0-0: Called Strike 0-1: Swinging Strike 0-2: Grounds into double play, 5-4-3 (Groundball, 56)
|
Bottom of the 7th over - 0 run(s), 1 hit(s), 0 error(s), 1 left on base; Montgomery 7 - Key West 1 |
TOP OF THE 8TH |
Montgomery Biscuits batting - Pitching for Key West Barracudas : LHP Alfredo González
|
Pitching: RHP Neal Dillard
|
|
Batting: RHB Pete Smith
|
0-0: Ball 1-0: Called Strike 1-1: Ball 2-1: Called Strike 2-2: Fly out, F8 (Flyball, 8RS)
|
Batting: RHB Jean-Paul St-Pierre
|
0-0: Swinging Strike 0-1: Foul Ball, location: 2F 0-2: Ball 1-2: Strikes out swinging
|
Batting: RHB Dave Dawson
|
0-0: Ball 1-0: Ball 2-0: Foul Ball, location: 2F 2-1: Swinging Strike 2-2: Ball 3-2: Fly out, F9 (Flyball, 9S)
|
Top of the 8th over - 0 run(s), 0 hit(s), 0 error(s), 0 left on base; Montgomery 7 - Key West 1 |
BOTTOM OF THE 8TH |
Key West Barracudas batting - Pitching for Montgomery Biscuits : RHP Ángel Ávila
|
Now at SS: Dave Williams
|
|
Batting: RHB Carlos Miranda
|
0-0: Foul Ball, location: 2F 0-1: Fly out, F9 (Line Drive, 9S)
|
Batting: RHB Ramiro Gámez
|
0-0: Ball 1-0: SOLO HOME RUN (Flyball, 78XD), Distance : 398 ft
|
Batting: RHB Luther Stoffels
|
0-0: Called Strike 0-1: Called Strike 0-2: Strikes out swinging
|
Batting: RHB Kenny Cole
|
0-0: Ball 1-0: Called Strike 1-1: Foul Ball, location: 2F 1-2: Ball 2-2: Foul Ball, location: 2F 2-2: Foul Ball, location: 2F 2-2: Strikes out looking
|
Bottom of the 8th over - 1 run(s), 1 hit(s), 0 error(s), 0 left on base; Montgomery 7 - Key West 2 |
TOP OF THE 9TH |
Montgomery Biscuits batting - Pitching for Key West Barracudas : RHP Neal Dillard
|
Batting: RHB Vicente Carona
|
0-0: Ball 1-0: Foul Ball, location: 2F 1-1: Ball 2-1: Swinging Strike 2-2: Ground out 6-3 (Groundball, 6MS)
|
Batting: RHB Larry Mitchell
|
0-0: SINGLE (Line Drive, 7S)
|
Batting: RHB Collin Smith
|
0-0: Called Strike 0-1: Foul Ball, location: 2F 0-2: Strikes out swinging
|
Batting: RHB Gabriel Miranda
|
0-0: Ball 1-0: Called Strike 1-1: Ball 2-1: Foul Ball, location: 2F 2-2: Fly out, F6 (Popup, 6MD)
|
Top of the 9th over - 0 run(s), 1 hit(s), 0 error(s), 1 left on base; Montgomery 7 - Key West 2 |
BOTTOM OF THE 9TH |
Key West Barracudas batting - Pitching for Montgomery Biscuits : RHP Ángel Ávila
|
Batting: LHB Jake Wells
|
0-0: Ball 1-0: Ball 2-0: Ball 3-0: Base on Balls
|
Batting: RHB Victor Baker
|
0-0: Ball 1-0: Swinging Strike 1-1: Called Strike 1-2: Ball 2-2: Fly out, F9 (Flyball, 9S)
|
Batting: LHB Motoki Hirata
|
0-0: Called Strike 0-1: Ball 1-1: Ball 2-1: SINGLE (Flyball, 5D) Jake Wells to second
|
Batting: SHB Rodney Birling
|
0-0: Grounds into double play, 4-6-3 (Groundball, 4)
|
Bottom of the 9th over - 0 run(s), 1 hit(s), 0 error(s), 1 left on base; Montgomery 7 - Key West 2 |
|